 Dungeon Crawl Stone Soup version 0.30-a0-778-g2ef04afb54 (webtiles) character file.

Game seed: 246124775670589736

23 Oxelix the Cudgeller (level 2, -2/20 HPs)
             Began as a Gargoyle Monk on Feb 16, 2023.
             Slain by a hobgoblin (4 damage)
             ... on level 1 of the Dungeon.
             The game lasted 00:00:56 (609 turns).

Oxelix the Cudgeller (Gargoyle Monk)                 Turns: 609, Time: 00:00:57

Health: -2/20      AC:  4    Str: 20    XL:     2   Next: 95%
Magic:  2/2        EV: 12    Int: 10    God:
Gold:   0          SH:  0    Dex: 12    Spells: 1/1 levels left

rFire   . . .      SeeInvis .    a - +0 mace
rCold   . . .      Faith    .    (no shield)
rNeg    + . .      Spirit   .    b - +0 robe
rPois   ∞          Reflect  .    (no helmet)
rElec   +          Harm     .    (no cloak)
rCorr   .          Rampage  .    (no gloves)
Will    .....                    (no boots)
Stlth   ++                       (no amulet)
HPRegen 0.23/turn                h - +6 ring of strength
MPRegen 0.08/turn                (no ring)

@: no status effects
A: sickness immunity, AC +2, negative energy resistance 1, electricity
resistance, torment resistance 1, petrification resistance
a: no special abilities


You were on level 1 of the Dungeon.
You visited 1 branch of the dungeon, and saw 1 of its levels.

Inventory:

Hand Weapons
 a - a +0 mace (weapon)
Armour
 b - a +0 robe (worn)
Jewellery
 h - a +6 ring of strength (left hand)
Scrolls
 e - a scroll of immolation {unknown}
 g - 2 scrolls of identify {unknown}
Potions
 d - a potion of flight {unknown}
 f - a potion of haste {unknown}


   Skills:
 + Level 3.7 Fighting
 * Level 3.7 Maces & Flails
 - Level 2.4 Dodging
 - Level 2.1 Stealth


You had one spell level left.
You didn't know any spells.
Your spell library was empty.

Dungeon Overview and Level Annotations

Branches:
Dungeon (1/15)

Altars:


Innate Abilities, Weirdness & Mutations

You are immune to sickness and miasma.
Your stone body is resilient. (AC +2)
You are immune to poison.
You resist negative energy. (rN+)
You are resistant to electric shocks. (rElec)
You are resistant to unholy torment.
You are immune to petrification.


Message History

The hobgoblin hits you but does no damage.
The kobold barely misses you.
You see here a hobgoblin corpse.
You hit the kobold but do no damage.
You feel less invigorated.
You feel less confused. The kobold barely misses you. The hobgoblin hits you.
The kobold hits you with a +0 whip. The hobgoblin hits you.
The kobold misses you. The kobold barely misses you.
You closely miss the kobold.
The kobold is severely wounded.
The kobold hits you with a +0 short sword.
The kobold hits you with a +0 whip. The hobgoblin closely misses you.
You hit the kobold but do no damage.
The kobold is severely wounded.
The kobold closely misses you. The kobold hits you but does no damage.
The hobgoblin hits you.
You barely miss the kobold.
The kobold is severely wounded.
The kobold barely misses you. The kobold closely misses you.
The hobgoblin barely misses you.
You closely miss the kobold.
The kobold is severely wounded.
The kobold hits you but does no damage. x2
The hobgoblin completely misses you.
You hit the kobold.
You kill the kobold!
The hobgoblin completely misses you. The kobold barely misses you.
The hobgoblin hits you. The kobold closely misses you.
You barely miss the kobold. The kobold hits you but does no damage.
The hobgoblin closely misses you.
You closely miss the kobold. The hobgoblin hits you.
* * * LOW HITPOINT WARNING * * *
The kobold closely misses you.
You closely miss the kobold. The kobold hits you with a +0 whip.
* * * LOW HITPOINT WARNING * * *
The hobgoblin closely misses you.
You sock the kobold!
You kill the kobold!
The hobgoblin hits you.
You die...

...#.# # ...... ..##.#
#...... .....# ###.....
# .##### ......####.. .#
....##....## .#####.
#..#........ .......
##.#.#......# .>####.
#..#.)#....# ..#
##+##+#.#.)@.#
..####.......#.g)..#
..##...).....#.....#
..#........>.#....#?(#
..#..#........#..#....#
..#..#........#.#......#
..#..#.######..#........
..#..#.# ##..##....##
.....#.###### #...


You could see a hobgoblin.

Vanquished Creatures
  A dart slug (D:1)
  6 ball pythons (D:1)
  An endoplasm (D:1)
  3 hobgoblins (D:1)
  A quokka (D:1)
  A bat (D:1)
  A frilled lizard (D:1)
  5 kobolds (D:1)
  A rat (D:1)
20 creatures vanquished.

Notes
Turn   | Place    | Note
-------+----------+-------------------------------------------
     0 | D:1      | Oxelix the Gargoyle Monk began the quest for the Orb.
     0 | D:1      | Reached XP level 1. HP: 14/14 MP: 1/1
   147 | D:1      | Reached XP level 2. HP: 16/19 MP: 2/2
   594 | D:1      | HP: 1/20 [kobold/+0 whip (2)]
   609 | D:1      | Slain by a hobgoblin

Illustrated notes

Levels and vault maps discovered:
D:1:      nzn_arrival_settlement, layout_basic, minmay_circled_x

Action                     || total
---------------------------++-------
  Melee: Mace              ||    57
         Punch             ||     1
    Use: Potion            ||     1
   Stab: Sleeping          ||     2
 Armour: Robe              ||    27
  Dodge: Dodged            ||    60

Table legend: (Time is in decaauts)
 A = Elapsed time spent in this place.
 B = Non-inter-level travel time spent in this place.
 C = Inter-level travel time spent in this place.
 D = Time resting spent in this place.
 E = Time spent auto-exploring this place.
 F = Levels seen in this place.
 G = Mean time per level.
                   A        B        C        D        E       F      G
               +--------+--------+--------+--------+--------+-----+--------+
         Total |    620 |    620 |      0 |      0 |    480 |   1 |  620.0 |
       Dungeon |    620 |    620 |      0 |      0 |    480 |   1 |  620.0 |
               +--------+--------+--------+--------+--------+-----+--------+

Top non-repeatable levels by time:
     D:1: 620 daAuts
